 Dungeon Crawl Stone Soup version 0.30-a0-122-g2a1322497e (webtiles) character file.

Game seed: 17635309370398463631

9676 ytrimaz the Fighter (level 11, -5/101 HPs)
             Began as a Demonspawn Gladiator on Sept 16, 2022.
             Killed from afar by Fannar (37 damage)
             ... with a bolt of cold
             ... on level 11 of the Dungeon.
             The game lasted 00:16:48 (12464 turns).

ytrimaz the Fighter (Demonspawn Gladiator)         Turns: 12464, Time: 00:16:48

Health: -5/101     AC: 17    Str: 21    XL:     11   Next: 26%
Magic:  11/11      EV:  8    Int:  5    God:
Gold:   1445       SH:  5    Dex: 17    Spells: 10/10 levels left

rFire   + . .      SeeInvis .    h - +4 short sword (venom)
rCold   . . .      Faith    .    (no shield)
rNeg    . . .      Spirit   .    M - +4 chain mail "Ushriar" {rF+ Str+4 Int-4 Stlth+}
rPois   .          Reflect  +    c - +1 helmet
rElec   .          Harm     .    (no cloak)
rCorr   .          Rampage  .    (no gloves)
Will    .....                    G - +0 pair of boots
Stlth   ..........               w - amulet of reflection
HPRegen 0.26/turn                N - +4 ring of slaying
MPRegen 0.12/turn                S - +4 ring of slaying

@: mighty
A: thin metallic scales 1, foul stench 2, powered by pain 1, weakness stinger 2
a: no special abilities


You were on level 11 of the Dungeon.
You visited 2 branches of the dungeon, and saw 12 of its levels.
You also visited: Sewer.

You collected 1663 gold pieces.
You spent 218 gold pieces at shops.


Innate Abilities, Weirdness & Mutations

You are partially covered in thin metallic scales. (AC +2)
You sometimes emit foul miasma when damaged in melee.
You sometimes gain a little power by taking damage.
You have a tail ending in a sharp stinger.


   Skills:
 + Level 14.4 Fighting
 - Level 10.0 Short Blades
 - Level 1.7 Throwing
 + Level 0.0 Armour
 - Level 2.6 Dodging


You had 10 spell levels left.
You didn't know any spells.
Your spell library contained the following spells:

 Spells                   Type           Power      Damage    Failure   Level
 Apportation              Tloc           0%         N/A       99%         1
 Cigotuvi's Dreadful Rot  Necr/Pois/Air  0%         N/A       100%        2
 Poisonous Vapours        Pois/Air       0%         N/A       100%        2
 Tukima's Dance           Hex            0%         N/A       100%        3
 Leda's Liquefaction      Hex/Erth       0%         N/A       100%        4
 Passage of Golubria      Tloc           0%         N/A       100%        4
 Alistair's Intoxication  Tmut/Pois      0%         N/A       100%        5
 Lee's Rapid Deconstruct  Erth           0%         3d5*      100%        5
 Yara's Violent Unravell  Hex/Tmut       0%         3d3       100%        5
 Statue Form              Tmut/Erth      0%         N/A       100%        6

Inventory:

Hand Weapons
 a - a +0 rapier
 h - a +4 short sword of venom (weapon)
   (You found it on level 1 of the Dungeon)
 q - a +1 dagger of speed
   (You took it off an orc on level 6 of the Dungeon)
Missiles
 d - 4 throwing nets
 e - 3 javelins
Armour
 c - a +1 helmet (worn)
 G - a +0 pair of boots (worn)
   (You found it on level 5 of the Dungeon)
 M - the +4 chain mail "Ushriar" (worn) {rF+ Str+4 Int-4 Stlth+}
   (You bought it in a shop on level 5 of the Dungeon)

   Str:       It affects your strength (+4).
   Int:       It affects your intelligence (-4).
   rF:        It protects you from fire.
   Stlth:     It makes you more stealthy.
Jewellery
 f - an amulet of the acrobat
   (You found it on level 1 of the Dungeon)
 j - a +4 ring of protection
   (You found it on level 9 of the Dungeon)
 p - a ring of protection from fire
   (You found it on level 2 of the Dungeon)
 r - a ring of see invisible
   (You found it on level 2 of the Dungeon)
 s - a +6 ring of dexterity
   (You found it on level 2 of the Dungeon)
 t - a ring of fire
   (You found it on level 2 of the Dungeon)
 w - an amulet of reflection (around neck)
   (You found it on level 2 of the Dungeon)
 D - a ring of flight
   (You found it on level 4 of the Dungeon)
 F - a ring of poison resistance
   (You found it on level 5 of the Dungeon)
 L - a ring of positive energy
   (You found it on level 5 of the Dungeon)
 N - a +4 ring of slaying (left hand)
   (You found it on level 6 of the Dungeon)
 R - a +4 ring of evasion
   (You found it on level 9 of the Dungeon)
 S - a +4 ring of slaying (right hand)
   (You found it on level 9 of the Dungeon)
Wands
 b - a wand of roots (5)
   (You took it off Crazy Yiuf on level 7 of the Dungeon)
 v - a wand of charming (4)
   (You found it in a sewer)
 H - a wand of polymorph (4)
   (You found it on level 5 of the Dungeon)
 I - a wand of digging (5)
   (You found it on level 5 of the Dungeon)
 J - a wand of acid (6) (quivered)
   (You found it on level 5 of the Dungeon)
Scrolls
 g - 9 scrolls of teleportation
 n - 2 scrolls of amnesia
 o - 5 scrolls of fear
 y - 2 scrolls of enchant armour
 E - 2 scrolls of blinking
 P - 4 scrolls of magic mapping
 Q - a scroll of butterflies
Potions
 i - 2 potions of heal wounds
 k - 2 potions of invisibility {unknown}
 l - 5 potions of attraction
 m - a potion of cancellation {unknown}
 u - a potion of mutation {unknown}
 x - 2 potions of brilliance
 z - 6 potions of curing
 A - 4 potions of lignification {unknown}
 B - a potion of magic {unknown}
 C - 2 potions of ambrosia {unknown}
 K - 3 potions of haste
 O - 3 potions of degeneration {unknown}

Dungeon Overview and Level Annotations

Branches:
Dungeon (11/15) Zot: 26808  Temple (1/1) D:6 Zot: 5931     Orc (0/2) D:9
  Sewer (visited)
   Lair: D:8-11

Altars:
Ashenzari
Cheibriados
Dithmenos
Fedhas
Gozag
Hepliaklqana
Kikubaaqudgha
Makhleb
Nemelex Xobeh
Okawaru
Qazlal
Ru
Sif Muna
Trog
Uskayaw
Vehumet
Wu Jian
Xom
Yredelemnul

Shops:
D:5 [   D:7 *!

Annotations:
D:11 Fannar

####
##.....>...
#..######
#..####
#.....#
##.e..##..
##.........
#.#...##...#
#..#.ยง# .#.
#..@#....#..
#....#..#...
#.##..##.. #
#. ..# ..#
.. .#. ..
... #... .
## . #. .#
..


You could see Fannar (empowered, extremely poisoned).


Message History

There is an open door here.
Partly explored, can't reach some items. ๐Ÿ˜Ž HP[+23]
Your hp is fully restored (100).
Partly explored, can't reach some items.
Okay, then.
There is an open door here.
There is a stone staircase leading down here.
You climb downwards.
There is a stone staircase leading up here.
K - 3 potions of haste (gained 1)
A two-headed ogre comes into view.
It is wielding a +0 giant spiked club and a +0 giant club.
The two-headed ogre shouts in stereo!
The two-headed ogre moves out of view.
Unknown command.
A two-headed ogre is nearby!
You block the two-headed ogre's attack. x2
You puncture the two-headed ogre! You tail-slap the two-headed ogre.
You punch the two-headed ogre.
You hit the two-headed ogre but do no damage.
The two-headed ogre is poisoned.
You hit the two-headed ogre.
The two-headed ogre looks as sick as possible!
The two-headed ogre hits you with a +0 giant spiked club!!
You focus on the pain.
You feel agile all of a sudden.
The two-headed ogre barely misses you. ๐Ÿ˜ฎ HP[-30]
You take 30 damage, and now have 70/100 hp.
MASSIVE DAMAGE!! (PAUSE)
You puncture the two-headed ogre! You puncture the two-headed ogre!
The two-headed ogre looks as sick as possible! ๐Ÿ˜ฎ HP[+1] Unknown command.
You hit the two-headed ogre.
The two-headed ogre looks as sick as possible!
You tail-slap the two-headed ogre!
You kill the two-headed ogre!
Training target 10.0 for Short Blades reached!
Your Short Blades skill increases to level 10!
You now have 101 max hp (+1).
Unknown command.
You feel a little less agile now.
Key pressed, stopping explore.
Key pressed, stopping explore.
Unknown command. ๐Ÿ˜• HP[+24]
You regained 24 hp, and now have 95/101 hp.
Found a stone staircase leading down.
You see here a +0 spear. ๐Ÿ˜Ž HP[+6]
Your hp is fully restored (101).
Key pressed, stopping explore.
Unknown command.
Fannar the Cold-Hearted comes into view.
They are wielding a staff of cold and wearing a +2 robe of cold resistance.
Fannar shouts!
Fannar gestures at you while chanting.
The bolt of cold hits you!! ๐Ÿ˜• HP[-25]
You take 25 damage, and now have 76/101 hp.
MASSIVE DAMAGE!! (PAUSE)
You hit Fannar but do no damage. You hit Fannar but do no damage.
Fannar is poisoned.
Fannar drinks a potion.
Fannar's spells are empowered! ๐Ÿ˜• HP[+1]
You closely miss Fannar. You puncture Fannar!
Fannar hits you but does no damage. Fannar freezes you!
You focus on the pain.
You feel very mighty all of a sudden. ๐Ÿ˜ฎ HP[-11]
You take 11 damage, and now have 66/101 hp.
Unknown command.
You puncture Fannar!
Fannar looks as sick as possible!
You puncture Fannar!
Fannar looks as sick as possible!
Your tail-slap misses Fannar.
Fannar casts a spell.
Fannar drains the heat from the surrounding environment!
* * * LOW HITPOINT WARNING * * *
You puncture Fannar!
Fannar looks as sick as possible!
You punch Fannar! ๐Ÿ˜จ HP[-23]
You take 23 damage, and now have 43/101 hp.
MASSIVE DAMAGE!! (PAUSE)
You closely miss Fannar.
Fannar mumbles some strange words.
Fannar drains the heat from the surrounding environment!
* * * LOW HITPOINT WARNING * * *
You closely miss Fannar.
Your tail-slap misses Fannar. ๐Ÿ˜จ HP[-12]
You take 12 damage, and now have 31/101 hp.
Unknown command.
You puncture Fannar!
Fannar looks as sick as possible!
Fannar mumbles some strange words.
Fannar blinks! ๐Ÿ˜จ HP[+1] Unknown command.
Fannar casts a spell at you. The bolt of cold hits you!!!
You die...

Skill      XL: |  1  2  3  4  5  6  7  8  9 10 11 |
---------------+----------------------------------+-----
Short Blades   | 3 4 7 9 10 | 10.0
Fighting       | 3 4 6 7 9 11 12 13 14 | 14.4
Throwing       | |  1.7
Dodging        | |  2.6

Action                   |  1- 3 |  4- 6 |  7- 9 | 10-12 || total
-------------------------+-------+-------+-------+-------++-------
Melee: Short sword       |   122 |   201 |   232 |   342 ||   897
       Rapier            |     6 |       |       |       ||     6
       Tailslap          |     6 |    22 |    41 |    75 ||   144
       Punch             |       |     4 |     4 |     6 ||    14
       Dagger            |       |       |    11 |       ||    11
Evoke: Wand              |       |       |       |     5 ||     5
  Use: Scroll            |       |     9 |     4 |     4 ||    17
       Potion            |       |       |     3 |     3 ||     6
 Stab: Sleeping          |       |     1 |     1 |       ||     2
Armor: Leather armour    |    43 |    72 |     4 |       ||   119
       Chain mail        |       |       |   117 |    93 ||   210
Dodge: Dodged            |    83 |   111 |    83 |    81 ||   358
Block: Other             |       |    49 |    51 |    39 ||   139
       Reflection        |       |     2 |       |     5 ||     7

Levels and vault maps discovered:
D:1:      kb_arrival_jail, layout_rooms, chequers_garden,
          nicolae_concentric_dashed_squares_mild, minmay_octomino_e4
D:2:      layout_loops_ring, nicolae_concentric_dashed_squares_wild,
          minmay_snake_closets
D:3:      layout_loops_corners, mainiacjoe_overflow_catwalk, serial_bayou,
          serial_bayou_pond_b, serial_bayou_pond_d, serial_bayou_lake_a,
          serial_bayou_pond_c, nicolae_ecumenical_lake_church,
          cheibrodos_sewer_entry_bend, chequers_serial_rivers_micro_d
D:4:      layout_basic
D:5:      kennysheep_slugbush, layout_loops_ring, nicolae_stop_n_shop_1,
          nicolae_elevator_lobby_asterisk, uniq_pikel
D:6:      layout_rooms, minmay_temple_entry_glassed_door
D:7:      layout_rooms, nicolae_overflow_hallway_of_the_gods, serial_shops,
          nicolae_shop_trees, guppyfry_shop_venom, uniq_crazy_yiuf_cottage,
          uniq_joseph
D:8:      layout_loops_cross, serial_undead, serial_undead_a, serial_undead_b,
          serial_undead_b, serial_undead_c, uniq_amaemon
D:9:      layout_roguey, grunt_qazlal_clouds, hiddenorc2_lemuel
D:10:     lemuel_ice_spiral_2, layout_basic, kb_lookout_dungeons_type
D:11:     layout_layer_cave, due_lair_maze_entry_diamond, minivault_26,
          uniq_psyche, uniq_fannar
Temple:   eino_temple_lava

Notes
Turn   | Place    | Note
-------+----------+-------------------------------------------
     0 | D:1      | ytrimaz the Demonspawn Gladiator began the quest for the
                  | Orb.
     0 | D:1      | Reached XP level 1. HP: 16/16 MP: 1/1
     0 | D:1      | magus.rc [v1.9.6]
     2 | D:1      | Noticed a demigod
     2 | D:1      | Noticed a vine stalker
     4 | D:1      | Noticed a demonspawn
     6 | D:1      | Noticed a vampire
     6 | D:1      | Noticed a troll
     8 | D:1      | Noticed a naga
     8 | D:1      | Noticed a draconian
    10 | D:1      | Noticed a gargoyle
    12 | D:1      | Noticed a merfolk
    12 | D:1      | Noticed an elf
    14 | D:1      | Noticed a minotaur
    14 | D:1      | Noticed a ghoul
    16 | D:1      | Noticed a meteoran
    18 | D:1      | Noticed an octopode
    18 | D:1      | Noticed a spriggan
    20 | D:1      | Noticed a human
    20 | D:1      | Noticed a palentonga
    23 | D:1      | Noticed a felid
    23 | D:1      | Noticed a tengu
    25 | D:1      | Noticed a formicid
    27 | D:1      | Noticed a draconian
    27 | D:1      | Noticed a human
   138 | D:1      | You add the spells Tukima's Dance, Passage of Golubria and
                  | Yara's Violent Unravelling to your library.
   147 | D:1      | You pick up a book of Vapours and begin reading...
   147 | D:1      | You add the spells Poisonous Vapours and Cigotuvi's
                  | Dreadful Rot to your library.
   235 | D:1      | Reached skill level 3 in Short Blades
   235 | D:1      | Gained mutation: You are partially covered in thin metallic
                  | scales. (AC +2) [demonic ancestry]
   235 | D:1      | Reached XP level 2. HP: 23/23 MP: 2/2
   725 | D:1      | Gained mutation: You have a small tail. [demonic ancestry]
   725 | D:1      | Reached XP level 3. HP: 28/28 MP: 3/3
   739 | D:1      | Reached skill level 3 in Fighting
  1175 | D:2      | Gained mutation: You sometimes gain a little power by
                  | taking damage. [demonic ancestry]
  1175 | D:2      | Reached XP level 4. HP: 22/37 MP: 4/4
  1537 | D:2      | Reached skill level 4 in Fighting
  2368 | D:3      | Gained mutation: You may rarely emit foul miasma when
                  | damaged in melee. [demonic ancestry]
  2368 | D:3      | Reached XP level 5. HP: 42/43 MP: 5/5
  2406 | D:3      | Found a glowing drain.
  2551 | Sewer    | Entered a sewer
  2668 | Sewer    | Reached skill level 5 in Fighting
  2959 | Sewer    | Reached skill level 6 in Fighting
  2959 | Sewer    | Reached XP level 6. HP: 51/52 MP: 6/6
  3907 | D:3      | Found a faded altar of an unknown god.
  4874 | D:5      | Entered Level 5 of the Dungeon
  4887 | D:5      | Reached skill level 7 in Fighting
  4949 | D:5      | You fall into a shaft and drop 1 floor!
  5186 | D:5      | Gained mutation: You have a tail ending in a sharp stinger.
                  | [demonic ancestry]
  5186 | D:5      | Reached XP level 7. HP: 60/60 MP: 7/7
  5633 | D:5      | Noticed Pikel
  5660 | D:5      | Killed Pikel
  5661 | D:5      | Reached skill level 9 in Fighting
  5661 | D:5      | Reached XP level 8. HP: 53/71 MP: 8/8
  5783 | D:5      | Found Foli's Antique Armour Shoppe.
  5890 | D:5      | Bought an agate-encrusted chain mail for 218 gold pieces
  5890 | D:5      | Identified the +4 chain mail "Ushriar" {rF+ Str+4 Int-4
                  | Stlth+} (You bought it in a shop on level 5 of the Dungeon)
  6127 | D:6      | You pick up a book of Party Tricks and begin reading...
  6127 | D:6      | You add the spells Apportation and Alistair's Intoxication
                  | to your library.
  6261 | D:6      | Found a staircase to the Ecumenical Temple.
  6339 | Temple   | Entered the Ecumenical Temple
  6484 | D:6      | Reached skill level 10 in Fighting
  6710 | D:6      | You pick up a book of the Earth and begin reading...
  6710 | D:6      | You add the spells Leda's Liquefaction, Lee's Rapid
                  | Deconstruction and Statue Form to your library.
  6861 | D:7      | Noticed Joseph
  6899 | D:7      | Reached skill level 4 in Short Blades
  6905 | D:7      | Killed Joseph
  6906 | D:7      | Reached skill level 11 in Fighting
  6912 | D:7      | Reached XP level 9. HP: 58/81 MP: 9/9
  6916 | D:7      | Reached skill level 5 in Short Blades
  7076 | D:7      | Found Nesumox's Serpentskin Sales.
  7101 | D:7      | Found Cuklo's Distillery.
  7263 | D:7      | Found an ornate altar of the Wu Jian Council.
  7263 | D:7      | Found a sacrificial altar of Ru.
  7269 | D:7      | Found an iron altar of Okawaru.
  7274 | D:7      | Found a radiant altar of Vehumet.
  7276 | D:7      | Found a shimmering altar of Xom.
  7289 | D:7      | Found a shadowy altar of Dithmenos.
  7747 | D:7      | Found a runed translucent door.
  7748 | D:7      | Noticed Crazy Yiuf
  7826 | D:7      | Killed Crazy Yiuf
  7827 | D:7      | Reached skill level 6 in Short Blades
  7957 | D:8      | Reached skill level 12 in Fighting
  7986 | D:8      | Reached skill level 7 in Short Blades
  8321 | D:8      | Noticed Amaemon
  8322 | D:8      | Noticed an orange demon
  8336 | D:8      | Killed Amaemon
  8337 | D:8      | Gained mutation: You sometimes emit foul miasma when
                  | damaged in melee. [demonic ancestry]
  8337 | D:8      | Reached XP level 10. HP: 75/91 MP: 10/10
  8350 | D:8      | Killed an orange demon
  8678 | D:8      | Reached skill level 13 in Fighting
  8678 | D:8      | Reached skill level 8 in Short Blades
  9063 | D:8      | Identified a scroll of acquirement
  9063 | D:8      | Acquired 573 gold pieces
  9238 | D:9      | Found a staircase to the Orcish Mines.
  9948 | D:9      | Found a stormy altar of Qazlal.
 10077 | D:9      | HP: 22/92 [wyvern (11)]
 10084 | D:9      | Reached skill level 9 in Short Blades
 10447 | D:10     | Entered Level 10 of the Dungeon
 10757 | D:10     | Acquired 596 gold pieces
 11127 | D:10     | Reached XP level 11. HP: 97/99 MP: 11/11
 11131 | D:10     | Reached skill level 14 in Fighting
 12303 | D:11     | Noticed a two-headed ogre
 12311 | D:11     | Killed a two-headed ogre
 12312 | D:11     | Reached skill level 10 in Short Blades
 12451 | D:11     | Noticed Fannar
 12464 | D:11     | Killed from afar by Fannar

Vanquished Creatures
  A two-headed ogre (D:11)
  Amaemon (D:8)
  Pikel (D:5)
  Joseph (D:7)
  An orange demon (D:8)
  An unseen horror zombie (D:8)
  2 trolls
  2 hornets (D:8)
  5 slime creatures (D:10)
  3 wyverns
  7 yaks
  A wraith (D:9)
  2 water moccasins (D:7)
  A black bear (D:7)
  A hornet zombie (D:8)
  6 orc warriors
  An ice beast (D:8)
  A sky beast (D:7)
  2 ogres
  4 centaurs
  2 lemures (D:5)
  A phantom (D:5)
  5 kobold brigands
  5 bullfrogs
  A wyvern zombie (D:8)
  2 scorpions
  8 wights (D:8)
  3 howler monkeys (D:7)
  A jelly (D:6)
  6 orc priests
  Crazy Yiuf (D:7)
  A gnoll bouda (D:7)
  A hound (D:5)
  3 iguanas
  5 orc wizards
  A howler monkey zombie (D:8)
  5 gnolls (D:7)
  19 adders
  A white imp (D:6)
  An ufetubus (D:5)
  3 worms (D:3)
  11 dart slugs
  52 orcs
  16 ball pythons
  6 endoplasms
  6 giant cockroaches
  5 goblins
  3 hobgoblins
  8 jackals
  6 quokkas
  5 bats
  13 frilled lizards
  29 kobolds
  4 rats (D:1)
  A bush (D:10)
284 creatures vanquished.

Vanquished Creatures (others)
  3 withered plants (D:8)
3 creatures vanquished.

Grand Total: 287 creatures vanquished

Table legend:
 A = Non-vault XP
 B = Vault XP
 C = Vault XP percentage of total XP
 D = Non-vault monster count
 E = Vault monster count
 F = Vault count percentage of total count
                 A         B        C        D         E       F
            +---------+---------+-------+---------+---------+-------
      Total |    9418 |    4406 |  31.9 |     183 |      98 |  34.9
            +---------+---------+-------+---------+---------+-------
        D:1 |      47 |       2 |   4.1 |      29 |       1 |   3.3
        D:2 |      65 |      72 |  52.6 |      16 |       8 |  33.3
        D:3 |      12 |      19 |  61.3 |       7 |       5 |  41.7
        D:4 |      54 |       0 |   0.0 |      10 |       0 |   0.0
        D:5 |     296 |     661 |  69.1 |       8 |       9 |  52.9
        D:6 |     465 |       0 |   0.0 |      10 |       0 |   0.0
        D:7 |    1070 |     809 |  43.1 |      25 |       6 |  19.4
        D:8 |    1676 |    2091 |  55.5 |      21 |      10 |  32.3
        D:9 |    1865 |     322 |  14.7 |      25 |      32 |  56.1
       D:10 |    3049 |     112 |   3.5 |      31 |       1 |   3.1
       D:11 |     819 |       0 |   0.0 |       1 |       0 |   0.0
      Sewer |       0 |     318 | 100.0 |       0 |      26 | 100.0
            +---------+---------+-------+---------+---------+-------

Illustrated notes

Table legend:
 A = Kills in this place as a percentage of kills in entire the game.
 B = Kills by you in this place as a percentage of kills by you in the entire game.
 C = Kills by friends in this place as a percentage of kills by friends in the entire game.
 D = Other kills in this place as a percentage of other kills in the entire game.
 E = Experience gained in this place as a percentage of experience gained in the entire game.
 F = Experience gained in this place divided by the number of levels of this place that you have seen.
                   A       B       C       D       E      F
               +-------+-------+-------+-------+-------+----------------------
         Total | 100.0 | 100.0 |   N/A |   N/A | 100.0 | 1063.4
       Dungeon |  90.7 |  90.7 |   N/A |   N/A |  97.7 | 1227.8
         Sewer |   9.3 |   9.3 |   N/A |   N/A |   2.3 | 318.0
               +-------+-------+-------+-------+-------+----------------------

Table legend: (Time is in decaauts)
 A = Elapsed time spent in this place.
 B = Non-inter-level travel time spent in this place.
 C = Inter-level travel time spent in this place.
 D = Time resting spent in this place.
 E = Time spent auto-exploring this place.
 F = Levels seen in this place.
 G = Mean time per level.
                   A        B        C        D        E       F      G
               +--------+--------+--------+--------+--------+-----+--------+
         Total |  12342 |  11971 |    371 |    512 |   9661 |  13 |  949.4 |
       Dungeon |  11328 |  10966 |    362 |    512 |   8864 |  11 | 1029.8 |
        Temple |     68 |     59 |      9 |      0 |     51 |   1 |   68.0 |
         Sewer |    944 |    944 |      0 |      0 |    746 |   1 |  944.0 |
               +--------+--------+--------+--------+--------+-----+--------+

Top non-repeatable levels by time:
    D:10: 1762 daAuts
     D:2: 1242 daAuts
     D:8: 1241 daAuts
     D:3: 1204 daAuts
     D:9: 1173 daAuts
     D:5: 1075 daAuts
     D:7: 1059 daAuts
   Sewer: 944 daAuts
     D:1: 881 daAuts
     D:6: 803 daAuts
     D:4: 692 daAuts
    D:11: 190 daAuts
  Temple: 68 daAuts
